 Dungeon Crawl Stone Soup version 0.30.0-29-ga12c61a403 (webtiles) character file.

Game seed: 8486251287325846834

6615 qw the Cleaver (level 11, -7/68 HPs)
             Began as a Gargoyle Fighter on June 5, 2023.
             Was a Priest of Okawaru.
             Mangled by a seven-headed hydra (12 damage)
             ... on level 8 of the Dungeon.
             The game lasted 00:04:38 (7373 turns).

qw the Cleaver (Gargoyle Fighter)                   Turns: 7373, Time: 00:04:39

Health: -7/68      AC: 28    Str: 23    XL:     11   Next: 2%
Magic:  13/14      EV:  9    Int: 13    God:    Okawaru [***...]
Gold:   375        SH: 12    Dex:  8    Spells: 10/10 levels left

rFire   + . .        v - +0 morningstar
rCold   + . .        h - +1 kite shield "Huxt" {Fly}
rNeg    + . .        u - +2 chain mail {rF+}
rPois   inf          s - +1 helmet
rElec   +            i - scarf of Wrong Decisions {repulsion, Will+}
rCorr   .            (no gloves)
SInv    .            (no boots)
Will    +....        (no amulet) Stlth
                     g - +4 ring of protection
HPRegen 0.31/turn    t - ring of protection from cold
MPRegen 0.14/turn

%: repel missiles
@: about to teleport, heroic, flying
A: sickness immunity, AC +8, negative energy resistance 1, electricity
resistance, torment resistance 1, petrification resistance, clever 1
a: Renounce Religion, Heroism


You were on level 8 of the Dungeon.
You worshipped Okawaru.
Okawaru was most pleased with you.
You visited 2 branches of the dungeon, and saw 9 of its levels.
You also visited: Ossuary.

You collected 375 gold pieces.


Innate Abilities, Weirdness & Mutations

You are immune to sickness and miasma.
Your stone body is resilient. (AC +8)
You are immune to poison.
You resist negative energy. (rN+)
You are resistant to electric shocks. (rElec)
You are resistant to unholy torment.
You are immune to petrification.
Your mind is acute. (Int +4, Str/Dex -1)


   Skills:
 - Level 8.2(13.2) Fighting
 + Level 10.7(15.7) Axes
 - Level 1.1(6.1) Throwing
 - Level 5.0(10.0) Armour
 - Level 1.3(6.3) Dodging
 - Level 9.0(14.0) Shields
 - Level 4.0 Invocations


You had 10 spell levels left.
You didn't know any spells.
Your spell library was empty.

Inventory:

Hand Weapons
 v - a +0 morningstar (weapon)
 Y - a +2 heavy war axe
Missiles
 r - 5 boomerangs (quivered)
Armour
 h - the +1 kite shield "Huxt" (worn) {Fly}
   (You acquired it on level 3 of the Dungeon)

   Fly:       It grants you flight.
 i - the scarf of Wrong Decisions (worn) {repulsion, Will+}
   (You found it on level 6 of the Dungeon)

   Will:      It increases your willpower.
 m - a +0 plate armour
 s - a +1 helmet (worn)
 u - a +2 chain mail of fire resistance (worn)
Jewellery
 c - a +6 ring of dexterity
 g - a +4 ring of protection (left hand)
 t - a ring of protection from cold (right hand)
 x - a ring of protection from fire
Scrolls
 a - a scroll of identify
 q - a scroll of teleportation
Potions
 b - a potion of lignification
 d - 3 potions of might
 e - 2 potions of cancellation
 f - a potion of ambrosia {unknown}
 j - 3 potions of mutation
 k - a potion of attraction {unknown}
 l - a potion of flight {unknown}
 n - a potion of magic {unknown}
 o - a potion of haste
 p - 3 potions of curing
 z - a potion of brilliance {unknown}
 A - a potion of invisibility {unknown}

Dungeon Overview and Level Annotations

Branches:
Dungeon (8/15)             Temple (1/1) D:4         Ossuary (visited)
   Lair: D:8-11

Altars:
Ashenzari
Cheibriados
Dithmenos
Fedhas
Gozag
Hepliaklqana
Kikubaaqudgha
Makhleb
Nemelex Xobeh
Okawaru
Ru
Sif Muna
Trog
Uskayaw
Vehumet
Xom
Yredelemnul
Zin
The Shining One

Shops:
D:6 =

Annotations:
D:7 3 runed translucent doors, qw's ghost, novice GrFi


Message History

Okawaru accepts your kill.
You block the seven-headed hydra's attack.
The seven-headed hydra bites you but does no damage.
The seven-headed hydra barely misses you.
The seven-headed hydra bites you but does no damage. x2
The seven-headed hydra closely misses you. x2
You sock the seven-headed hydra!
The seven-headed hydra is lightly wounded.
The seven-headed hydra bites you but does no damage. x2
The seven-headed hydra closely misses you.
The seven-headed hydra bites you but does no damage.
The seven-headed hydra barely misses you.
You block the seven-headed hydra's attack. x2
A steam dragon comes into view.
You sock the seven-headed hydra!
The seven-headed hydra is moderately wounded.
The seven-headed hydra bites you but does no damage. x3
You block the seven-headed hydra's attack. x2
The seven-headed hydra bites you but does no damage.
The seven-headed hydra misses you.
You sock the seven-headed hydra!
The seven-headed hydra is heavily wounded.
The seven-headed hydra bites you but does no damage. x5
The seven-headed hydra bites you! The seven-headed hydra bites you.
7372 ||| READING 2 scrolls of teleportation.
As you read the scroll of teleportation, it crumbles to dust.
You feel strangely unstable.
You block the seven-headed hydra's attack.
The seven-headed hydra bites you but does no damage.
You block the seven-headed hydra's attack.
The seven-headed hydra bites you but does no damage.
The seven-headed hydra barely misses you.
The seven-headed hydra closely misses you.
The seven-headed hydra barely misses you.
You sock the seven-headed hydra!
The seven-headed hydra is severely wounded.
The seven-headed hydra bites you but does no damage.
You block the seven-headed hydra's attack. x2
The seven-headed hydra bites you!
You die...

#.#.# #)......
###########.#.#####)######
######..................)......
#...#..#########.#.#.....#.####
#.......########.#.#.##..#.#
###.......#./......#.#.##..# #
.###......#.########.#.....# .#
#).....#.....####.####.## .#
#......#.....@%......#.#
.###.#######...D####.##.#.#
...................#.# .#
##...#############Y#
...............#...# .# ..
...#####.#####.#.### .#....
......##.......#.####.#....
####%..#.#######.##....... .#
##..#.# #.##.....#


You could see a seven-headed hydra.

Vanquished Creatures
  A two-headed ogre (D:6)
  3 trolls (D:8)
  2 hornets
  Prince Ribbit (D:6)
  4 yaks (D:8)
  2 water moccasins
  Duvessa (D:6)
  3 orc warriors
  An ice beast (D:4)
  2 black bears
  5 ogres
  3 kobold brigands
  2 gnoll sergeants
  4 bullfrogs
  8 scorpions
  Dowan (D:6)
  10 howler monkeys (D:6)
  12 hounds
  6 orc priests
  4 gnoll boudas (D:6)
  2 iguanas
  Ijyb (D:3)
  Natasha (thrice) (D:4)
  12 orc wizards
  8 adders
  11 gnolls
  A shadow imp (D:7)
  An ufetubus (D:5)
  4 worms
  2 dart slugs
  25 orcs
  9 bats
  11 endoplasms
  4 giant cockroaches
  6 goblins
  9 hobgoblins
  3 jackals (D:2)
  17 kobolds
  6 quokkas
  6 ball pythons
  4 frilled lizards
  6 hobgoblin zombies (Ossuary)
  6 kobold zombies (Ossuary)
  8 orc zombies (Ossuary)
  6 rats
246 creatures vanquished.

Vanquished Creatures (others)
  An orc wizard (D:6)
1 creature vanquished.

Grand Total: 247 creatures vanquished

Notes
Turn   | Place    | Note
-------+----------+-------------------------------------------
     0 | D:1      | qw the Gargoyle Fighter began the quest for the Orb.
     0 | D:1      | Reached XP level 1. HP: 14/14 MP: 1/1
     0 | D:1      | 0 ||| qw: Version: 0.2-a-108-gee2c290
     0 | D:1      | 0 ||| qw: Game counter: 1404
     0 | D:1      | 0 ||| qw: Always use a shield: true
     0 | D:1      | 0 ||| qw: God list: Okawaru
     0 | D:1      | 0 ||| qw: Allow faded altars: false
     0 | D:1      | 0 ||| qw: Do Orc after D:15 true
     0 | D:1      | 0 ||| qw: Do second Lair branch before Depths: true
     0 | D:1      | 0 ||| qw: Lair rune preference: random
     0 | D:1      | 0 ||| qw: Plans: Normal, Zot:1-4, Slime:5, God:TSO, Crypt,
                  | Tomb, Abyss, Pan, Hells, Win
     0 | D:1      | 0 ||| PLANNING D:1-11
    96 | D:1      | 96 ||| Stepping ~*~*~tactically~*~*~ (stealth).
   107 | D:1      | Reached skill level 2 in Axes
   134 | D:1      | 134 ||| Stepping ~*~*~tactically~*~*~ (hiding).
   154 | D:1      | 154 ||| Stepping ~*~*~tactically~*~*~ (stealth).
   155 | D:1      | 155 ||| Stepping ~*~*~tactically~*~*~ (stealth).
   162 | D:1      | Reached XP level 2. HP: 19/19 MP: 2/2
   169 | D:1      | 169 ||| Stepping ~*~*~tactically~*~*~ (hiding).
   355 | D:1      | 355 ||| FLEEEEING.
   356 | D:1      | 356 ||| FLEEEEING.
   360 | D:1      | Reached skill level 3 in Axes
   370 | D:1      | Reached XP level 3. HP: 21/23 MP: 3/3
   775 | D:1      | 775 ||| DROPPING ring of flight.
   776 | D:1      | 776 ||| UPGRADING to +4 ring of protection.
   777 | D:1      | 777 ||| READING scroll labelled MEQOLENOKIE.
   778 | D:1      | 778 ||| DRINKING 3 black potions.
   778 | D:1      | Gained mutation: Your mind is acute. (Int +4, Str/Dex -1)
                  | [potion of mutation]
   812 | D:2      | 812 ||| Stepping ~*~*~tactically~*~*~ (stealth).
   837 | D:2      | 837 ||| Stepping ~*~*~tactically~*~*~ (stealth).
   838 | D:2      | 838 ||| Stepping ~*~*~tactically~*~*~ (stealth).
   840 | D:2      | 840 ||| Stepping ~*~*~tactically~*~*~ (stealth).
   841 | D:2      | 841 ||| Stepping ~*~*~tactically~*~*~ (stealth).
   952 | D:2      | 952 ||| Stepping ~*~*~tactically~*~*~ (hiding).
   995 | D:2      | 995 ||| Stepping ~*~*~tactically~*~*~ (hiding).
   996 | D:2      | 996 ||| Stepping ~*~*~tactically~*~*~ (hiding).
   997 | D:2      | 997 ||| Stepping ~*~*~tactically~*~*~ (hiding).
  1001 | D:2      | Reached XP level 4. HP: 15/28 MP: 4/4
  1126 | D:2      | 1126 ||| Stepping ~*~*~tactically~*~*~ (stealth).
  1128 | D:2      | 1128 ||| Stepping ~*~*~tactically~*~*~ (stealth).
  1183 | D:2      | 1183 ||| Stepping ~*~*~tactically~*~*~ (hiding).
  1216 | D:2      | Reached skill level 4 in Axes
  1423 | D:2      | 1423 ||| DROPPING +1 ring mail of poison resistance.
  1424 | D:2      | 1424 ||| UPGRADING to +0 chain mail.
  1434 | D:2      | 1434 ||| DROPPING +0 scale mail.
  1435 | D:2      | 1435 ||| UPGRADING to +6 ring of dexterity.
  1436 | D:2      | 1436 ||| READING 2 scrolls labelled SATTELITUF.
  1437 | D:2      | 1437 ||| READING scroll labelled KOUDAU BAHE.
  1499 | D:3      | 1499 ||| Stepping ~*~*~tactically~*~*~ (stealth).
  1513 | D:3      | Reached skill level 1 in Dodging
  1513 | D:3      | 1513 ||| FLEEEEING.
  1514 | D:3      | 1514 ||| FLEEEEING.
  1517 | D:3      | 1517 ||| FLEEEEING.
  1518 | D:3      | 1518 ||| FLEEEEING.
  1519 | D:3      | 1519 ||| FLEEEEING.
  1520 | D:3      | 1520 ||| STAIRDANCE
  1567 | D:3      | 1567 ||| DROPPING +0 club.
  1645 | D:3      | Noticed Ijyb
  1647 | D:3      | 1647 ||| FLEEEEING.
  1648 | D:3      | 1648 ||| FLEEEEING.
  1654 | D:3      | 1654 ||| FLEEEEING.
  1656 | D:3      | 1656 ||| FLEEEEING.
  1657 | D:3      | 1657 ||| FLEEEEING.
  1658 | D:3      | 1658 ||| FLEEEEING.
  1659 | D:3      | 1659 ||| FLEEEEING.
  1660 | D:3      | 1660 ||| FLEEEEING.
  1661 | D:3      | 1661 ||| Stepping ~*~*~tactically~*~*~ (hiding).
  1662 | D:3      | 1662 ||| Stepping ~*~*~tactically~*~*~ (hiding).
  1674 | D:3      | Killed Ijyb
  1675 | D:3      | Reached XP level 5. HP: 15/32 MP: 5/5
  1742 | D:3      | 1742 ||| DROPPING +0 whip.
  1979 | D:3      | 1979 ||| Stepping ~*~*~tactically~*~*~ (hiding).
  1987 | D:3      | 1987 ||| FLEEEEING.
  1988 | D:3      | 1988 ||| FLEEEEING.
  1989 | D:3      | 1989 ||| FLEEEEING.
  1990 | D:3      | 1990 ||| FLEEEEING.
  1991 | D:3      | 1991 ||| FLEEEEING.
  1992 | D:3      | 1992 ||| FLEEEEING.
  1993 | D:3      | 1993 ||| FLEEEEING.
  1994 | D:3      | 1994 ||| FLEEEEING.
  1995 | D:3      | 1995 ||| FLEEEEING.
  1996 | D:3      | 1996 ||| FLEEEEING.
  1997 | D:3      | 1997 ||| FLEEEEING.
  1998 | D:3      | 1998 ||| FLEEEEING.
  1999 | D:3      | 1999 ||| FLEEEEING.
  2000 | D:3      | 2000 ||| FLEEEEING.
  2001 | D:3      | 2001 ||| FLEEEEING.
  2002 | D:3      | 2002 ||| FLEEEEING.
  2069 | D:3      | Found a bloodstained altar of Trog.
  2090 | D:3      | 2090 ||| Stepping ~*~*~tactically~*~*~ (stealth).
  2091 | D:3      | 2091 ||| Stepping ~*~*~tactically~*~*~ (stealth).
  2092 | D:3      | 2092 ||| Stepping ~*~*~tactically~*~*~ (stealth).
  2093 | D:3      | 2093 ||| Stepping ~*~*~tactically~*~*~ (stealth).
  2291 | D:3      | 2291 ||| DROPPING +0 ring mail of positive energy.
  2292 | D:3      | 2292 ||| READING scroll labelled BYTHRA QUGU.
  2293 | D:3      | 2293 ||| READING scroll labelled PYIVONIEST.
  2293 | D:3      | Identified a scroll of acquirement
  2293 | D:3      | 2293 ||| ACQUIRING +1 kite shield "Huxt" {Fly}
  2293 | D:3      | Acquired the +1 kite shield "Huxt" {Fly}
  2295 | D:3      | 2295 ||| UPGRADING to +1 kite shield "Huxt" {Fly}.
  2305 | D:3      | 2305 ||| DROPPING +0 buckler.
  2306 | D:3      | 2306 ||| READING scroll labelled ILAMUAD GAOCUK.
  2307 | D:3      | 2307 ||| DRINKING 2 metallic amethyst potions.
  2358 | D:4      | 2358 ||| PLANNING OSSUARY
  2377 | D:4      | Reached XP level 6. HP: 35/37 MP: 6/6
  2404 | D:4      | Found a sand-covered staircase.
  2413 | D:4      | 2413 ||| READING scroll labelled INIHIRPH VUQEE.
  2438 | Ossuary  | Entered an ossuary
  2514 | Ossuary  | 2514 ||| Stepping ~*~*~tactically~*~*~ (stealth).
  2555 | D:4      | 2555 ||| PLANNING D:1-11
  2586 | D:4      | Noticed an ice beast
  2598 | D:4      | HP: 8/37 [ice beast (13)]
  2604 | D:4      | Killed an ice beast
  2628 | D:4      | 2628 ||| Stepping ~*~*~tactically~*~*~ (stealth).
  2660 | D:4      | 2660 ||| FLEEEEING.
  2688 | D:4      | 2688 ||| FLEEEEING.
  2689 | D:4      | 2689 ||| FLEEEEING.
  2690 | D:4      | 2690 ||| FLEEEEING.
  2691 | D:4      | 2691 ||| FLEEEEING.
  2692 | D:4      | 2692 ||| FLEEEEING.
  2736 | D:4      | Found a broken altar of Ashenzari.
  2779 | D:4      | Noticed Natasha
  2780 | D:4      | 2780 ||| Stepping ~*~*~tactically~*~*~ (hiding).
  2783 | D:4      | Killed Natasha
  2784 | D:4      | Reached skill level 5 in Axes
  3138 | D:4      | 3138 ||| Stepping ~*~*~tactically~*~*~ (stealth).
  3138 | D:4      | Noticed Natasha
  3140 | D:4      | 3140 ||| Stepping ~*~*~tactically~*~*~ (hiding).
  3148 | D:4      | Killed Natasha
  3179 | D:4      | Noticed Natasha
  3180 | D:4      | 3180 ||| Stepping ~*~*~tactically~*~*~ (stealth).
  3187 | D:4      | 3187 ||| Stepping ~*~*~tactically~*~*~ (stealth).
  3189 | D:4      | 3189 ||| Stepping ~*~*~tactically~*~*~ (stealth).
  3222 | D:4      | 3222 ||| Stepping ~*~*~tactically~*~*~ (hiding).
  3231 | D:4      | Reached XP level 7. HP: 43/43 MP: 7/7
  3280 | D:4      | 3280 ||| Stepping ~*~*~tactically~*~*~ (stealth).
  3294 | D:4      | 3294 ||| Stepping ~*~*~tactically~*~*~ (stealth).
  3385 | D:4      | 3385 ||| Stepping ~*~*~tactically~*~*~ (stealth).
  3387 | D:4      | 3387 ||| Stepping ~*~*~tactically~*~*~ (stealth).
  3389 | D:4      | 3389 ||| Stepping ~*~*~tactically~*~*~ (stealth).
  3393 | D:4      | 3393 ||| Stepping ~*~*~tactically~*~*~ (stealth).
  3395 | D:4      | 3395 ||| Stepping ~*~*~tactically~*~*~ (hiding).
  3399 | D:4      | Killed Natasha
  3604 | D:4      | Found a staircase to the Ecumenical Temple.
  3605 | D:4      | 3605 ||| PLANNING TEMPLE
  3605 | D:4      | 3605 ||| READING scroll labelled CYZURA IMUBU.
  3606 | D:4      | 3606 ||| READING scroll labelled NIPPYVOIGON.
  3607 | D:4      | 3607 ||| DRINKING 2 lumpy yellow potions.
  3608 | D:4      | 3608 ||| DRINKING 2 coppery potions.
  3609 | D:4      | 3609 ||| READING 2 scrolls of identify.
  3609 | D:4      | 3609 ||| IDENTIFYING pink potion
  3610 | D:4      | 3610 ||| DROPPING potion of degeneration.
  3616 | Temple   | Entered the Ecumenical Temple
  3616 | Temple   | Found a transporter.
  3616 | Temple   | Found a transporter.
  3618 | Temple   | Found a transporter.
  3618 | Temple   | Found a transporter.
  3628 | Temple   | 3628 ||| PLANNING D:1-11
  3643 | Temple   | 3643 ||| PLANNING OKAWARU WORSHIP
  3649 | Temple   | Became a worshipper of Warmaster Okawaru
  3649 | Temple   | 3649 ||| PLANNING D:1-11
  3762 | D:5      | Entered Level 5 of the Dungeon
  3924 | D:5      | Reached skill level 6 in Axes
  4017 | D:5      | 4017 ||| SWAPPING to +1 war axe of electrocution.
  4018 | D:5      | 4018 ||| DROPPING +1 war axe.
  4114 | D:5      | Reached * piety under Okawaru
  4115 | D:5      | Reached skill level 6 in Shields
  4123 | D:5      | 4123 ||| Stepping ~*~*~tactically~*~*~ (stealth).
  4442 | D:5      | Reached skill level 1 in Invocations
  4442 | D:5      | Reached XP level 8. HP: 48/48 MP: 8/8
  4518 | D:5      | 4518 ||| UPGRADING to +0 helmet.
  4523 | D:5      | 4523 ||| UPGRADING to ring of protection from cold.
  4525 | D:5      | 4525 ||| READING 2 scrolls labelled RANAPO TAGA.
  4528 | D:5      | 4528 ||| READING scroll labelled ATOHULOUSE.
  4529 | D:5      | 4529 ||| READING scroll labelled ATHOME DIGGUIL.
  4553 | D:6      | 4553 ||| STAIRDANCE
  4701 | D:6      | Reached skill level 3 in Invocations
  4709 | D:6      | 4709 ||| INVOKING Heroism.
  4718 | D:6      | Reached skill level 7 in Axes
  4736 | D:6      | 4736 ||| INVOKING Heroism.
  4763 | D:6      | 4763 ||| DROPPING +1 spectral club.
  4808 | D:6      | 4808 ||| UPGRADING to +0 plate armour.
  4818 | D:6      | 4818 ||| DROPPING +0 chain mail.
  4821 | D:6      | 4821 ||| INVOKING Heroism.
  4837 | D:6      | 4837 ||| INVOKING Heroism.
  4856 | D:6      | Reached XP level 9. HP: 41/54 MP: 12/12
  4861 | D:6      | 4861 ||| INVOKING Heroism.
  4879 | D:6      | 4879 ||| INVOKING Heroism.
  4894 | D:6      | 4894 ||| Stepping ~*~*~tactically~*~*~ (hiding).
  4900 | D:6      | 4900 ||| INVOKING Heroism.
  4909 | D:6      | Reached skill level 8 in Axes
  4911 | D:6      | 4911 ||| Stepping ~*~*~tactically~*~*~ (hiding).
  4971 | D:6      | 4971 ||| Stepping ~*~*~tactically~*~*~ (stealth).
  4972 | D:6      | 4972 ||| Stepping ~*~*~tactically~*~*~ (stealth).
  4992 | D:6      | 4992 ||| INVOKING Heroism.
  4999 | D:6      | Reached skill level 6 in Fighting
  5046 | D:6      | 5046 ||| Stepping ~*~*~tactically~*~*~ (stealth).
  5047 | D:6      | 5047 ||| Stepping ~*~*~tactically~*~*~ (stealth).
  5056 | D:6      | 5056 ||| INVOKING Heroism.
  5144 | D:6      | 5144 ||| Stepping ~*~*~tactically~*~*~ (stealth).
  5145 | D:6      | 5145 ||| Stepping ~*~*~tactically~*~*~ (stealth).
  5160 | D:6      | 5160 ||| DROPPING +0 flail.
  5169 | D:6      | Noticed a two-headed ogre
  5170 | D:6      | 5170 ||| INVOKING Heroism.
  5179 | D:6      | Killed a two-headed ogre
  5179 | D:6      | Reached ** piety under Okawaru
  5180 | D:6      | Reached skill level 9 in Shields
  5219 | D:6      | Identified the scarf of Wrong Decisions {repulsion, Will+}
  5237 | D:6      | 5237 ||| Stepping ~*~*~tactically~*~*~ (hiding).
  5240 | D:6      | 5240 ||| Stepping ~*~*~tactically~*~*~ (hiding).
  5241 | D:6      | 5241 ||| INVOKING Heroism.
  5295 | D:6      | 5295 ||| Stepping ~*~*~tactically~*~*~ (hiding).
  5298 | D:6      | 5298 ||| INVOKING Heroism.
  5326 | D:6      | 5326 ||| INVOKING Heroism.
  5367 | D:6      | Reached skill level 1 in Throwing
  5367 | D:6      | Reached XP level 10. HP: 59/60 MP: 13/13
  5384 | D:6      | 5384 ||| Stepping ~*~*~tactically~*~*~ (hiding).
  5507 | D:6      | 5507 ||| INVOKING Heroism.
  5530 | D:6      | Noticed Duvessa
  5531 | D:6      | 5531 ||| Stepping ~*~*~tactically~*~*~ (stealth).
  5532 | D:6      | 5532 ||| Stepping ~*~*~tactically~*~*~ (stealth).
  5533 | D:6      | 5533 ||| INVOKING Heroism.
  5534 | D:6      | Noticed Dowan
  5535 | D:6      | Killed Duvessa
  5554 | D:6      | Killed Dowan
  5634 | D:6      | Found Qividdor's Jewellery Boutique.
  5642 | D:6      | Reached skill level 9 in Axes
  5757 | D:6      | Noticed Prince Ribbit
  5764 | D:6      | Killed Prince Ribbit
  5957 | D:6      | 5957 ||| UPGRADING to scarf of Wrong Decisions {repulsion,
                  | Will+}.
  5962 | D:6      | 5962 ||| UPGRADING to +2 chain mail of fire resistance.
  5972 | D:6      | 5972 ||| DROPPING scarf of harm.
  5973 | D:6      | 5973 ||| DRINKING 3 green potions.
  5974 | D:6      | 5974 ||| DRINKING 2 fuming red potions.
  6034 | D:7      | Noticed a boulder beetle
  6037 | D:7      | Noticed qw's ghost (novice GrFi)
  6042 | D:7      | 6042 ||| Stepping ~*~*~tactically~*~*~ (stealth).
  6156 | D:7      | 6156 ||| DROPPING +1 flail of draining.
  6215 | D:7      | Found a runed translucent gate.
  6215 | D:7      | Found a runed translucent gate.
  6215 | D:7      | Found a runed translucent gate.
  6310 | D:7      | 6310 ||| INVOKING Heroism.
  6418 | D:7      | 6418 ||| READING scroll of enchant armour.
  6418 | D:7      | 6418 ||| ENCHANTING +0 helmet.
  6431 | D:7      | 6431 ||| READING scroll labelled ILOINUI CINE.
  6470 | D:7      | 6470 ||| Stepping ~*~*~tactically~*~*~ (hiding).
  6547 | D:6      | 6547 ||| SHOPLISTING +5 ring of evasion (504 gold, have
                  | 348).
  6547 | D:6      | 6547 ||| SHOPLISTING +6 ring of strength (504 gold, have
                  | 348).
  6547 | D:6      | 6547 ||| SHOPLISTING amulet of regeneration (420 gold, have
                  | 348).
  6547 | D:6      | 6547 ||| SHOPLISTING ring of fire (350 gold, have 348).
  6686 | D:8      | 6686 ||| Stepping ~*~*~tactically~*~*~ (stealth).
  6688 | D:8      | 6688 ||| Stepping ~*~*~tactically~*~*~ (hiding).
  6744 | D:8      | 6744 ||| Stepping ~*~*~tactically~*~*~ (hiding).
  6907 | D:8      | 6907 ||| INVOKING Heroism.
  6917 | D:8      | 6917 ||| INVOKING Heroism.
  6994 | D:8      | 6994 ||| INVOKING Heroism.
  6998 | D:8      | Reached skill level 10 in Axes
  7017 | D:8      | HP: 10/64 [yak (11)]
  7018 | D:8      | 7018 ||| READING 3 scrolls of teleportation.
  7019 | D:8      | 7019 ||| DRINKING potion of heal wounds.
  7020 | D:8      | 7020 ||| INVOKING Heroism.
  7021 | D:8      | Reached *** piety under Okawaru
  7230 | D:8      | 7230 ||| READING scroll of enchant weapon.
  7230 | D:8      | 7230 ||| ENCHANTING +1 heavy war axe.
  7334 | D:8      | 7334 ||| FLEEEEING.
  7335 | D:8      | 7335 ||| FLEEEEING.
  7336 | D:8      | 7336 ||| FLEEEEING.
  7337 | D:8      | 7337 ||| FLEEEEING.
  7338 | D:8      | 7338 ||| FLEEEEING.
  7339 | D:8      | 7339 ||| FLEEEEING.
  7353 | D:8      | 7353 ||| FLEEEEING.
  7360 | D:8      | Reached XP level 11. HP: 63/68 MP: 14/14
  7360 | D:8      | Noticed a seven-headed hydra
  7361 | D:8      | 7361 ||| INVOKING Heroism.
  7362 | D:8      | 7362 ||| SWAPPING to +0 morningstar.
  7371 | D:8      | HP: 11/68 [seven-headed hydra (11)]
  7371 | D:8      | HP: 5/68 [seven-headed hydra (6)]
  7372 | D:8      | 7372 ||| READING 2 scrolls of teleportation.
  7373 | D:8      | Mangled by a seven-headed hydra

Levels and vault maps discovered:
D:1:      matt_arrival_refuge, layout_basic, serial_bayou_lagoon_b
D:2:      layout_rooms, minmay_tiny_reverse_x
D:3:      layout_basic, trog_three_pillars_becter, uniq_ijyb
D:4:      cheibrodos_helix_gallery, layout_loops_ring,
          cheibrodos_ashenzari_chains, minmay_temple_entry_fiery,
          nicolae_ossuary_entry_ruins, kennysheep_generic_room_15, uniq_natasha
D:5:      layout_loops_ring
D:6:      lemuel_castle_with_subvaults [lemuel_castle_interior_carwin_2],
          layout_loops_ring, nicolae_take_the_stairs, uniq_duvessa,
          uniq_prince_ribbit1
D:7:      layout_gridville, gammafunk_ghost_split
D:8:      layout_basic, hellmonk_guarded_unrand_vines
Temple:   hellmonk_temple_divided_pantheon

Skill      XL: |  1  2  3  4  5  6  7  8  9 10 |
---------------+-------------------------------+-----
Axes           | 2 3 4 5 6 7 8 10 | 10.7
Dodging        | 1 |  1.3
Shields        | 4 5 6 9 |  9.0
Fighting       | 4 5 6 8 |  8.2
Invocations    | 1 4 |  4.0
Armour         | 4 5 |  5.0
Throwing       | 1 |  1.1

Action                     |  1- 3 |  4- 6 |  7- 9 | 10-12 || total
---------------------------+-------+-------+-------+-------++-------
  Melee: War axe           |   129 |   157 |   237 |   188 ||   711
         Morningstar       |       |       |       |    10 ||    10
  Throw: Boomerang         |       |    46 |    10 |    22 ||    78
 Invoke: Heroism           |       |       |    13 |     8 ||    21
    Use: Scroll            |     1 |     6 |     6 |     5 ||    18
         Potion            |     1 |     1 |     2 |     3 ||     7
 Armour: Scale mail        |    87 |     9 |       |       ||    96
         Chain mail        |       |    57 |    64 |   137 ||   258
         Plate armour      |       |       |    37 |    29 ||    66
  Dodge: Dodged            |    69 |    51 |    35 |    63 ||   218
         Repelled          |       |       |       |     1 ||     1
  Block: Buckler           |    15 |    22 |       |       ||    37
         Kite shield       |       |    25 |    86 |   147 ||   258

Table legend:
 A = Non-vault XP
 B = Vault XP
 C = Vault XP percentage of total XP
 D = Non-vault monster count
 E = Vault monster count
 F = Vault count percentage of total count
                 A         B        C        D         E       F
            +---------+---------+-------+---------+---------+-------
      Total |    4622 |    4828 |  51.1 |     164 |      82 |  33.3
            +---------+---------+-------+---------+---------+-------
        D:1 |      38 |       0 |   0.0 |      23 |       0 |   0.0
        D:2 |      63 |       4 |   6.0 |      29 |       2 |   6.5
        D:3 |     124 |      36 |  22.5 |      21 |       1 |   4.5
        D:4 |     385 |      39 |   9.2 |      14 |       3 |  17.6
        D:5 |     604 |       0 |   0.0 |      17 |       0 |   0.0
        D:6 |     598 |    3818 |  86.5 |      10 |      53 |  84.1
        D:7 |     932 |       0 |   0.0 |      22 |       0 |   0.0
        D:8 |    1878 |     911 |  32.7 |      28 |       3 |   9.7
    Ossuary |       0 |      20 | 100.0 |       0 |      20 | 100.0
            +---------+---------+-------+---------+---------+-------
